 Dungeon Crawl Stone Soup version 0.25-a0-719-gde951dce62 (webtiles) character file.

Game seed: 10368407495008390541, levelgen mode: deterministic

50 Amnesiac the Magician (level 3, 0/19 HPs)
             Began as a Deep Elf Wizard on Apr 7, 2020.
             Slain by a hobgoblin (4 damage)
             ... on level 2 of the Dungeon.
             The game lasted 00:02:26 (1541 turns).

Amnesiac the Magician (Deep Elf Wizard)             Turns: 1541, Time: 00:02:27

Health: 0/19       AC:  2    Str:  4    XL:     3   Next: 55%
Magic:  0/12       EV: 13    Int: 23    God:
Gold:   54         SH:  0    Dex: 13    Spells: 2/13 levels left

rFire    . . .     SeeInvis .   a - +0 spear
rCold    . . .     Gourm    .   (no shield)
rNeg     . . .     Faith    .   j - +0 robe
rPois    .         Spirit   .   b - +0 hat
rElec    .         Reflect  .   (no cloak)
rCorr    .         Harm     .   (no gloves)
MR       .....                  (no boots)
Stlth    ++........             (no amulet)
HPRegen  0.06/turn              (no ring)
MPRegen  0.13/turn              (no ring)

@: no status effects
A: no striking features
a: no special abilities


You were on level 2 of the Dungeon.
You were not hungry.

You visited 1 branch of the dungeon, and saw 3 of its levels.

You collected 54 gold pieces.

Inventory:

Hand Weapons
 a - a +0 spear (weapon)
 o - a +0 dagger of flaming
Missiles
 f - 24 sling bullets
 h - 35 stones (quivered)
Armour
 b - a +0 hat (worn)
 j - a +0 robe (worn)
Scrolls
 c - a scroll of immolation {!r, unknown}
 e - a scroll of teleportation {!r, unknown}
 l - a scroll of magic mapping {!r, unknown}
 m - a scroll of remove curse {!r, unknown}
Potions
 g - 2 potions of heal wounds {!q, unknown}
 k - 3 potions of curing {!q}
 n - a potion of haste {!q, unknown}
Comestibles
 d - 4 rations
 i - 4 chunks of flesh


   Skills:
 + Level 3.3 Dodging
 - Level 2.4 Stealth
 * Level 5.8 Spellcasting
 - Level 1.1 Conjurations
 - Level 1.1 Summonings
 - Level 1.1 Translocations


You had 2 spell levels left.
You knew the following spells:

 Your Spells              Type           Power        Failure   Level  Hunger
a - Magic Dart            Conj           ##..         5%          1    None
b - Call Imp              Summ           ##......     9%          2    None
e - Mephitic Cloud        Conj/Pois/Air  #.......     22%         3    #......
s - Conjure Flame         Conj/Fire      #.......     21%         3    #......
v - Blink                 Tloc           N/A          9%          2    None

Your spell library contained the following spells:

 Spells                   Type           Power        Failure   Level  Hunger
 Slow                     Hex            #.......     13%         2    None


Dungeon Overview and Level Annotations

Branches:
Dungeon (3/15)

Altars:

Annotations:
D:2 Robin


Message History

Casting: Magic Dart (safe; 5% risk of failure)
Confirm with . or Enter, or press ? or * to list all spells.
Aiming: Magic Dart (safe; 5% risk of failure)
Press: ? - help, Shift-Dir - straight line, f/p - Robin
Aim: Robin, wielding a +0 dagger, wearing a +0 animal skin and wearing a +0 helmet (severely wounded)
The magic dart hits Robin.
Robin is almost dead.
The hobgoblin shouts!
Robin hits you with a +0 dagger.
* * * LOW HITPOINT WARNING * * *
Casting: Magic Dart (safe; 5% risk of failure)
Confirm with . or Enter, or press ? or * to list all spells.
Aiming: Magic Dart (safe; 5% risk of failure)
Press: ? - help, Shift-Dir - straight line, f/p - Robin
Aim: Robin, wielding a +0 dagger, wearing a +0 animal skin and wearing a +0 helmet (almost dead)
The magic dart hits Robin but does no damage.
Robin is almost dead.
Robin drinks a potion.
Robin is healed!
Casting: Magic Dart (safe; 5% risk of failure)
Confirm with . or Enter, or press ? or * to list all spells.
You don't have enough magic to cast that spell.
Casting: Magic Dart (safe; 5% risk of failure)
Confirm with . or Enter, or press ? or * to list all spells.
You don't have enough magic to cast that spell.
The hobgoblin misses you.
Your magical contamination has completely faded away.
Press: ? - help, v - describe, . - travel
Here: Robin, wielding a +0 dagger, wearing a +0 animal skin and wearing a +0 helmet (moderately wounded)
The floor.
Unknown command.
Robin roars a battlecry!
The hobgoblin goes into a battle-frenzy!
A rat comes into view.
Casting: Magic Dart (safe; 5% risk of failure)
Confirm with . or Enter, or press ? or * to list all spells.
A beastly little devil appears in a puff of frigid air.
Robin's horned helmet rattles.
The hobgoblin barely misses you. What are your orders? t - Shout!
Orders for allies: a - Attack new target. p - Attack previous target. r - Retreat! s - Stop attacking. g - Guard the area. f - Follow me.
Anything else - Cancel.
Gang up on whom?
Press: ? - help, Dir - move target cursor, f/p - Robin
Aim: Robin, wielding a +0 dagger, wearing a +0 animal skin and wearing a +0 helmet (moderately wounded) Attack!
Robin barely misses your white imp. The hobgoblin hits you.
* * * LOW HITPOINT WARNING * * *
Robin closely misses your white imp.
Your white imp gestures at Robin.
The puff of frost hits Robin.
Casting: Call Imp (safe; 9% risk of failure)
Confirm with . or Enter, or press ? or * to list all spells.
Aiming: Magic Dart (safe; 5% risk of failure)
Press: ? - help, Shift-Dir - straight line, f/p - Robin
Aim: Robin, wielding a +0 dagger, wearing a +0 animal skin and wearing a +0 helmet (heavily wounded)
The magic dart hits the hobgoblin.
The hobgoblin is severely wounded.
Robin hits your white imp with a +0 dagger.
The rat bites you.
* * * LOW HITPOINT WARNING * * *
The hobgoblin hits you.
You die...

#.#.# .#
#.#.#
#.#
#.#.#
#.#
#.#.#
#.#
#.#g#
#.# #.#
#.#
#.####.#
#.g5.gr#
######@#
###


You could see Robin, a hobgoblin, a rat and a friendly white imp.

Vanquished Creatures
  An adder (D:2)
  A gnoll (D:1)
  A worm (D:2)
  A dart slug (D:1)
  A giant cockroach (D:2)
  6 goblins
  3 hobgoblins
  A jackal (D:1)
  A quokka (D:3)
  4 bats (D:1)
  4 kobolds
  A leopard gecko skeleton (D:2)
  3 rats
28 creatures vanquished.

Notes
Turn   | Place    | Note
-------+----------+-------------------------------------------
     0 | D:1      | Amnesiac the Deep Elf Wizard began the quest for the Orb.
     0 | D:1      | Reached XP level 1. HP: 10/10 MP: 7/7
   683 | D:1      | Reached XP level 2. HP: 15/15 MP: 6/9
   687 | D:1      | Learned a level 2 spell: Blink
   705 | D:1      | Reached skill level 5 in Spellcasting
   748 | D:1      | Learned a level 2 spell: Call Imp
   998 | D:2      | Reached XP level 3. HP: 19/19 MP: 7/11
  1003 | D:2      | Learned a level 3 spell: Conjure Flame
  1007 | D:2      | Learned a level 3 spell: Mephitic Cloud
  1501 | D:3      | Noticed Robin
  1541 | D:2      | Slain by a hobgoblin

Levels and vault maps discovered:
D:1:      dpeg_arrival_chambers_temple_mockup, layout_loops_corners, hex_large,
          st_stairs_14, hangedman_feature_mirror
D:2:      wad_river_or_something, layout_basic, first_ration
D:3:      layout_rooms, uniq_robin

Skill      XL: |  1  2 |
---------------+-------+-----
Spellcasting   | 5 |  5.8
Dodging        | 3 |  3.3
Stealth        | |  2.4
Conjurations   | |  1.1
Summonings     | |  1.1
Translocations | |  1.1

Action                   || total
-------------------------++-------
 Cast: Magic Dart        ||    78
       Call Imp          ||     5
  Eat: Chunk             ||     2
Armor: Robe              ||     4
Dodge: Dodged            ||    11

Table legend:
 A = Non-vault XP
 B = Vault XP
 C = Vault XP percentage of total XP
 D = Non-vault monster count
 E = Vault monster count
 F = Vault count percentage of total count
                 A         B        C        D         E       F
            +---------+---------+-------+---------+---------+-------
      Total |      60 |      12 |  16.7 |      22 |       6 |  21.4
            +---------+---------+-------+---------+---------+-------
        D:1 |      33 |       4 |  10.8 |      13 |       2 |  13.3
        D:2 |      25 |       0 |   0.0 |       8 |       0 |   0.0
        D:3 |       2 |       8 |  80.0 |       1 |       4 |  80.0
            +---------+---------+-------+---------+---------+-------
